[Event "Elitserien 2022/2023"]
[Site "Helsingborg"]
[Date "2022.10.16"]
[Round "3.8"]
[White "Glimbrant, Torbjorn"]
[Black "Nord, Alexander"]
[Result "1/2-1/2"]
[WhiteElo "2133"]
[BlackElo "2177"]
[TimeControl "90 minutes for 40 moves + 30 minutes for the rest of the game + 30 seconds per move from move one."]

1.Nf3 Nf6 2.c4 c5 3.e3 Nc6 4.Nc3 e6 5.d4 cxd4 6.exd4 d5 7.a3 Be7 8.Bd3 
dxc4 9.Bxc4 O-O 10.O-O b6 11.Bg5 Bb7 12.Re1 Rc8 13.Bd3 Rc7 14.Be3 Qa8 15.
Qe2 Rd8 16.Rad1 Na5 17.Nb5 Rcc8 18.Rc1 Nb3 19.Rxc8 Rxc8 20.Bc4 Na5 21.Ba2 
Bf8 22.b4 Nc6 23.Bd2 Nd8 24.Bf4 Nd5 25.Bd6 Ba6 26.Bxf8 Kxf8 27.a4 Nxb4 28.
Bb1 g6 29.Qd2 Nd5 30.Qh6+ Kg8 31.Nd6 Rc7 32.Ne8 f6 33.Nxc7 Nxc7 34.Bxg6 
hxg6 35.Qxg6+ Kf8 36.Qxf6+ Ke8 37.Ne5 Nd5 38.Qg7 Qb7 39.Qg8+ Ke7 40.Qg5+ 
Ke8 41.Re4 Qh7 42.Ng6 Ne7 43.Qxe7+ Qxe7 44.Nxe7 Kxe7 45.h4 Bb7 46.Re3 Bc6 
47.h5 Kf6 48.f4 Bxa4 49.Ra3 b5 50.g4 Nc6 51.g5+ Kg7 52.Kf2 Bc2 53.Ke3 b4 
54.Ra6 b3 55.Kd2 b2 56.Kxc2 Nb4+ 57.Kxb2 Nxa6 58.Kc3 Nc7 59.Kd3 a5 60.Kc4 
Nd5 61.Kb5 Nxf4 62.h6+ Kg6 63.Kxa5 Kxg5 64.h7 Ng6 65.Kb5 Kf6 66.Kc6 Nh8 
67.Kd7 Kf7 68.Kd6 Kf6 69.Kd7 Kf7 70.Kd6 Kf6 71.Kd7 Ke7 1/2-1/2

[Event "Elitserien 2022/2023"]
[Site "Helsingborg"]
[Date "2022.10.16"]
[Round "3.9"]
[White "Lokander, Martin"]
[Black "Hjelm, Niclas"]
[Result "1/2-1/2"]
[WhiteElo "2453"]
[BlackElo "2279"]
[TimeControl "90 minutes for 40 moves + 30 minutes for the rest of the game + 30 seconds per move from move one."]

1.d4 d5 2.c4 dxc4 3.Nf3 Nf6 4.e3 e6 5.Bxc4 c5 6.O-O Nc6 7.Nc3 cxd4 8.exd4 
Be7 9.Qe2 O-O 10.Rd1 Na5 11.Bd3 b6 12.Qe5 Bb7 13.Qg3 Nh5 14.Qh3 g6 15.Bh6 
Re8 16.Bb5 Bc6 17.d5 exd5 18.Bxc6 Nxc6 19.Nxd5 Qc8 20.Rac1 Qb7 21.g4 Nf6 
22.Nxe7+ Nxe7 23.Ne5 Rad8 24.Rxd8 Rxd8 25.Bg5 Rd6 26.Qh4 Ned5 27.Re1 h5 
28.h3 b5 29.Qg3 Qa6 30.Qf3 hxg4 31.Nxg4 Nxg4 32.Re8+ Kg7 33.hxg4 Qc6 34.
Re1 Nf6 35.Qh3 Ne4 36.Bh6+ Kg8 37.Qf3 Re6 38.Be3 a6 39.Rc1 Qd7 40.Qf4 Nf6 
41.Rc7 1/2-1/2

[Event "Elitserien 2022/2023"]
[Site "Helsingborg"]
[Date "2022.10.16"]
[Round "3.10"]
[White "Livner, Anders"]
[Black "Lissang, Christopher"]
[Result "1/2-1/2"]
[WhiteElo "2365"]
[BlackElo "2343"]
[TimeControl "90 minutes for 40 moves + 30 minutes for the rest of the game + 30 seconds per move from move one."]

1.Nf3 d5 2.g3 Nf6 3.Bg2 c6 4.O-O Bg4 5.h3 Bxf3 6.Bxf3 Nbd7 7.d4 e5 8.c4 e4
9.Bg2 Be7 10.Nc3 O-O 11.Qb3 Qb6 12.cxd5 Qxb3 13.axb3 cxd5 14.f3 Bb4 15.
fxe4 Bxc3 16.bxc3 Nxe4 17.Bxe4 dxe4 18.c4 Rfc8 19.Bd2 b5 20.c5 Nf6 21.Rxf6
gxf6 22.Kf2 Rc6 23.b4 Rd8 24.Ke3 f5 25.Rxa7 h5 26.Ra5 h4 27.gxh4 Rg6 28.
Kf2 Kh7 29.h5 Re6 30.Bc3 f4 31.Ra7 Rf6 32.d5 Rf5 33.d6 Rg8 34.d7 f3 35.Ra1
Rg2+ 36.Kf1 Rd5 37.exf3 Rc2 38.Be1 exf3 39.Ra3 f2 40.Bxf2 Rxd7 41.Rf3 Kh6 
42.Rf5 Rd1+ 43.Kg2 Rb1 44.Kf3 Rxb4 45.Be3+ Kg7 46.h6+ Kg8 47.Rg5+ Kh8 48.
Rf5 Kg8 49.Rg5+ Kh8 50.Rf5 Kg8 51.Rg5+ 1/2-1/2

[Event "Elitserien 2022/2023"]
[Site "Helsingborg"]
[Date "2022.10.16"]
[Round "3.11"]
[White "Hauge, Lars Oskar"]
[Black "Lindeman, Sven"]
[Result "1-0"]
[WhiteElo "2533"]
[BlackElo "2161"]
[TimeControl "90 minutes for 40 moves + 30 minutes for the rest of the game + 30 seconds per move from move one."]

1.e4 e5 2.Nc3 Nf6 3.Bc4 Nc6 4.d3 Bb4 5.Nf3 d5 6.exd5 Nxd5 7.O-O Bxc3 8.
bxc3 O-O 9.Qe1 Nb6 10.Bb3 Qf6 11.Ng5 Na5 12.f4 Nxb3 13.axb3 exf4 14.Bxf4 
Qc6 15.c4 f6 16.Nf3 g5 17.Qg3 Rf7 18.Bc1 Nd7 19.Bb2 b6 20.Nd4 Qc5 21.Kh1 
Nf8 22.Nb5 Bb7 23.d4 Qe7 24.d5 Ng6 25.Rae1 Qd7 26.Nc3 Re8 27.Ne4 Rxe4 28.
Rxe4 c6 29.Rd4 c5 30.Re4 f5 31.Re6 g4 32.Rfe1 b5 33.Qc3 1-0

[Event "Elitserien 2022/2023"]
[Site "Helsingborg"]
[Date "2022.10.16"]
[Round "3.12"]
[White "Ong, Kezli"]
[Black "Thorn, Eric"]
[Result "1-0"]
[WhiteElo "2298"]
[BlackElo "2342"]
[TimeControl "90 minutes for 40 moves + 30 minutes for the rest of the game + 30 seconds per move from move one."]

1.e4 e5 2.Nf3 Nc6 3.Bb5 a6 4.Ba4 Nf6 5.O-O Be7 6.Re1 b5 7.Bb3 d6 8.c3 O-O 
9.h3 Na5 10.Bc2 c5 11.d4 Qc7 12.Nbd2 cxd4 13.cxd4 Bd7 14.Nf1 Rfe8 15.Ng3 
Rac8 16.Bd3 Nc6 17.Be3 g6 18.Rc1 Qd8 19.Bb1 Bf8 20.Re2 exd4 21.Nxd4 d5 22.
Nxc6 Bxc6 23.Rd2 Bb4 24.Rd4 Bd6 25.exd5 Bxg3 26.dxc6 Qe7 27.Qf3 Be5 28.Rd2
Qe6 29.a3 Red8 30.Rxd8+ Rxd8 31.c7 Rc8 32.Rc6 Bd6 33.Qd1 Bh2+ 34.Kxh2 Qxc6
35.Qd8+ 1-0

[Event "Elitserien 2022/2023"]
[Site "Helsingborg"]
[Date "2022.10.16"]
[Round "3.13"]
[White "Olund, Joar"]
[Black "Stavenberg, Karl"]
[Result "1-0"]
[WhiteElo "2409"]
[BlackElo "2115"]
[TimeControl "90 minutes for 40 moves + 30 minutes for the rest of the game + 30 seconds per move from move one."]

1.d4 d5 2.Bf4 c6 3.Nf3 Qb6 4.Qc1 Bf5 5.e3 Nf6 6.c4 e6 7.Nc3 Be7 8.c5 Qd8 
9.b4 Nbd7 10.Nd2 Nh5 11.Be2 Nxf4 12.exf4 O-O 13.g4 Bg6 14.h4 h5 15.gxh5 
Bf5 16.Nf3 Nf6 17.Ne5 Ne4 18.Nxe4 dxe4 19.Qe3 a5 20.b5 cxb5 21.Bxb5 a4 22.
Rb1 Qa5+ 23.Ke2 Bf6 24.Nd7 Bg4+ 25.Kf1 Bxh5 26.Nxf6+ gxf6 27.Be2 Bxe2+ 28.
Qxe2 Rfd8 29.Rxb7 Rd5 30.Rg1+ Kf8 31.h5 Qc3 32.Qxe4 Qh3+ 33.Ke2 Qxh5+ 34.
Ke3 f5 35.Qg2 Qh8 36.Rb4 Rxc5 37.Qxa8+ 1-0

[Event "Elitserien 2022/2023"]
[Site "Helsingborg"]
[Date "2022.10.16"]
[Round "3.14"]
[White "Jaderberg, Bjorn"]
[Black "Tuomainen, Felix"]
[Result "0-1"]
[WhiteElo "2147"]
[BlackElo "2230"]
[TimeControl "90 minutes for 40 moves + 30 minutes for the rest of the game + 30 seconds per move from move one."]

1.e4 c5 2.Nf3 d6 3.Bb5+ Nd7 4.c3 Nf6 5.Qe2 a6 6.Ba4 b5 7.Bc2 Bb7 8.O-O e6 
9.d4 Be7 10.h3 O-O 11.Rd1 Qc7 12.Bg5 Rfc8 13.Bd3 Nf8 14.Nbd2 Ng6 15.Qe3 b4
16.dxc5 dxc5 17.Nc4 a5 18.Rac1 e5 19.g3 Rd8 20.Bxf6 Bxf6 21.Qe2 Ne7 22.Ne3
Qc6 23.c4 Qe6 24.Kg2 Bc8 25.Rh1 Rb8 26.Nd5 b3 27.Ra1 bxa2 28.Rxa2 Nc6 29.
Qd2 h6 30.Ra3 Rd7 31.h4 Rdb7 32.Rb1 Bd8 33.b3 Qg6 34.Qe3 Bg4 35.Be2 Bxf3+ 
36.Bxf3 Nd4 37.Bd1 f5 38.exf5 Nxf5 39.Qc1 Nxh4+ 40.Kh2 Rf7 41.Rb2 Nf3+ 42.
Bxf3 Rxf3 43.Qe1 Rf5 44.Re2 Rh5+ 45.Kg1 Bf6 46.Re3 Qf5 47.Qf1 Bg5 48.Rxa5 
Kh8 49.f4 exf4 50.Rf3 Qg4 51.Ra7 Rh3 52.Qf2 Rxg3+ 53.Rxg3 fxg3 54.Qb2 Bh4 
55.Ne3 Qg6 0-1

[Event "Elitserien 2022/2023"]
[Site "Helsingborg"]
[Date "2022.10.16"]
[Round "3.15"]
[White "Cederstam, Carl"]
[Black "Wisdahl, Peter"]
[Result "1-0"]
[WhiteElo "2328"]
[BlackElo "2009"]
[TimeControl "90 minutes for 40 moves + 30 minutes for the rest of the game + 30 seconds per move from move one."]

1.e4 c5 2.Nf3 d6 3.d4 cxd4 4.Nxd4 Nf6 5.Nc3 Nc6 6.Bg5 e6 7.Qd3 a6 8.O-O-O 
Bd7 9.f4 b5 10.f5 Ne5 11.Qh3 Qc8 12.Bxf6 gxf6 13.Qh5 Ke7 14.g3 Qc5 15.Bh3 
Rc8 16.Rhf1 Nc4 17.e5 dxe5 18.fxe6 fxe6 19.Ne4 Qb4 20.Nb3 Na3 21.bxa3 
Qxa3+ 22.Kb1 Rxc2 23.Rxd7+ Kxd7 24.Qd1+ 1-0

[Event "Elitserien 2022/2023"]
[Site "Helsingborg"]
[Date "2022.10.16"]
[Round "3.16"]
[White "Lagerborg, Krister"]
[Black "Renman, Nils-Gustaf"]
[Result "1/2-1/2"]
[WhiteElo "2103"]
[BlackElo "2329"]
[TimeControl "90 minutes for 40 moves + 30 minutes for the rest of the game + 30 seconds per move from move one."]

1.e4 e6 2.Qe2 c5 3.f4 Nc6 4.c3 d5 5.d3 b6 6.Nf3 Nge7 7.g3 Ba6 8.e5 Nf5 9.
Bg2 h5 10.O-O b5 11.b3 b4 12.c4 Bb7 13.Be3 dxc4 14.dxc4 Be7 15.Nbd2 Qb6 
16.Bf2 O-O-O 17.Rfd1 Ncd4 18.Nxd4 Nxd4 19.Bxd4 Rxd4 20.Ne4 Rhd8 21.Rxd4 
Rxd4 22.Rd1 Qd8 23.Nf2 g6 1/2-1/2

[Event "Elitserien 2022/2023"]
[Site "Helsingborg"]
[Date "2022.10.16"]
[Round "3.17"]
[White "Jepson, Christian"]
[Black "Amin, Bassem"]
[Result "0-1"]
[WhiteElo "2401"]
[BlackElo "2663"]
[TimeControl "90 minutes for 40 moves + 30 minutes for the rest of the game + 30 seconds per move from move one."]

1.Nf3 Nf6 2.c4 g6 3.Nc3 Bg7 4.d4 O-O 5.e4 d6 6.Be2 e5 7.Be3 Ng4 8.Bg5 f6 
9.Bh4 Nc6 10.d5 Ne7 11.Nd2 f5 12.Bxg4 fxg4 13.Bg5 h6 14.Be3 c5 15.Rb1 b6 
16.b4 g5 17.bxc5 bxc5 18.Nf1 Ng6 19.Bc1 Qa5 20.Rb3 Bd7 21.Ne3 h5 22.O-O 
Rf4 23.Qc2 Rf6 24.Nf5 Nf4 25.Bxf4 gxf4 26.Rb7 Qd8 27.Nxg7 Kxg7 28.Qa4 Rf7 
29.Qa6 Qf6 30.Nb5 Bxb5 31.cxb5 Rf8 32.Rxa7 f3 33.g3 h4 34.Rxf7+ Rxf7 35.
Qc8 Qg6 36.b6 hxg3 37.b7 gxh2+ 38.Kh1 g3 39.b8=Q g2+ 40.Kxh2 gxf1=N+ 41.
Kh3 Qh5# 0-1

[Event "Elitserien 2022/2023"]
[Site "Helsingborg"]
[Date "2022.10.16"]
[Round "3.18"]
[White "Grigorov, Grigor"]
[Black "Hector, Jonny"]
[Result "1-0"]
[WhiteElo "2512"]
[BlackElo "2454"]
[TimeControl "90 minutes for 40 moves + 30 minutes for the rest of the game + 30 seconds per move from move one."]

1.Nf3 d5 2.g3 Nc6 3.d4 Bf5 4.Bg2 Nb4 5.Na3 e6 6.O-O h6 7.Ne5 Bd6 8.c3 Bxe5
9.dxe5 Nc6 10.c4 Nge7 11.cxd5 exd5 12.f4 Qd7 13.Re1 O-O-O 14.Qa4 Kb8 15.
Be3 a6 16.b4 d4 17.Bf2 Bh3 18.Bh1 Be6 19.b5 axb5 20.Nxb5 Bd5 21.Bxd4 Bxh1 
22.Ba7+ Kc8 23.Kxh1 Nxa7 24.Nxa7+ Kb8 25.Nb5 Qc6+ 26.e4 Qb6 27.Rab1 Rd2 
28.Nd6 Rb2 29.Rxb2 Qxb2 30.Nxf7 Qf2 31.Qd1 Rf8 32.e6 Qxa2 33.Ne5 Rg8 34.
Qd7 Qa3 35.Rb1 Qe3 36.Qa4 Qa7 37.Nd7+ Ka8 38.Qxa7+ 1-0

[Event "Elitserien 2022/2023"]
[Site "Helsingborg"]
[Date "2022.10.16"]
[Round "3.19"]
[White "Domingo Nunez, Ruben"]
[Black "Engqvist, Thomas"]
[Result "1/2-1/2"]
[WhiteElo "2369"]
[BlackElo "2333"]
[TimeControl "90 minutes for 40 moves + 30 minutes for the rest of the game + 30 seconds per move from move one."]

1.Nf3 Nf6 2.c4 c6 3.b3 d5 4.Bb2 Bg4 5.e3 e6 6.h3 Bf5 7.g4 Bg6 8.g5 Ne4 9.
h4 Bh5 10.Be2 h6 11.d3 Nc5 12.cxd5 cxd5 13.Rg1 hxg5 14.hxg5 Bxf3 15.Bxf3 
Rh3 16.d4 Nd3+ 17.Qxd3 Rxf3 18.Rh1 Nc6 19.Nd2 Rf5 20.f4 f6 21.gxf6 Rxf6 
22.a3 Qd7 23.Rc1 Rh6 24.Ke2 Qf7 25.b4 a6 26.Nf3 Qg6 27.Ng5 Qxd3+ 28.Kxd3 
Kd7 29.Rxh6 gxh6 30.Nf7 b5 31.Bc3 a5 32.bxa5 Bxa3 33.Rb1 b4 34.Be1 h5 35.
Ne5+ Nxe5+ 36.fxe5 Rxa5 37.Kc2 Rb5 38.Kb3 Rb8 39.Bd2 Rh8 40.Rh1 Ke8 41.
Bxb4 Bxb4 42.Kxb4 h4 43.Rh3 Kf7 44.Kc5 Kg6 45.Kd6 Kf5 46.Rf3+ Ke4 47.Rh3 
Rh6 48.Ke7 Kf5 49.Rf3+ Kg5 50.Kf7 h3 51.Rf1 h2 52.Rh1 Kf5 53.Kg7 Rh3 54.
Kf7 Rh7+ 55.Kg8 Kg6 56.Kf8 Rf7+ 57.Ke8 Rh7 58.Kf8 Kf5 59.Kg8 Rh6 60.Kg7 
Kg5 61.Kf7 Kg4 62.Kg7 Kg5 63.Kf7 Kf5 64.Kg7 Rg6+ 65.Kf7 Rg2 66.Rf1+ Ke4 
67.Rf4+ Kxe3 68.Rh4 Rg4 69.Rxh2 Kxd4 70.Kxe6 Rg6+ 71.Kf7 Ra6 72.e6 Kc3 73.
Rh3+ Kc2 74.Rh4 Kc3 75.Rh3+ Kc2 76.e7 Ra7 77.Rh4 Kc3 78.Ke6 Rxe7+ 79.Kxe7 
d4 80.Kd6 d3 81.Rh3 Kc2 82.Kc5 d2 83.Rh2 Kc1 84.Rxd2 Kxd2 1/2-1/2

[Event "Elitserien 2022/2023"]
[Site "Helsingborg"]
[Date "2022.10.16"]
[Round "3.20"]
[White "Cramling, Pia"]
[Black "Brynell, Stellan"]
[Result "1/2-1/2"]
[WhiteElo "2468"]
[BlackElo "2383"]
[TimeControl "90 minutes for 40 moves + 30 minutes for the rest of the game + 30 seconds per move from move one."]

1.d4 Nf6 2.c4 e6 3.Nf3 b6 4.g3 Ba6 5.b3 Bb7 6.Bg2 Bb4+ 7.Bd2 a5 8.O-O O-O 
9.Qc2 d6 10.Bc3 Nbd7 11.a3 Bxc3 12.Nxc3 d5 13.cxd5 Nxd5 14.Nxd5 exd5 15.b4
c6 16.Rfc1 axb4 17.axb4 Qe7 18.Qb2 Rfe8 19.e3 Qd6 20.Bf1 b5 21.Ne1 Nb6 22.
Nd3 h5 23.Nc5 Bc8 24.Rxa8 Nxa8 25.Qc2 Nb6 26.h4 Nc4 27.Re1 Qf6 28.Qc3 Bf5 
29.Bg2 Qg6 30.Kh2 Ra8 31.Ra1 Rxa1 32.Qxa1 Nd2 33.Qa2 Ne4 34.Nd3 Qd6 35.Ne5
f6 36.Bxe4 Bxe4 37.Qa8+ Kh7 38.Qh8+ Kxh8 39.Nf7+ Kg8 40.Nxd6 Kf8 41.Nb7 
Ke7 42.Na5 Kd6 43.Nb3 Ke6 44.Nd2 g5 45.f3 Bg6 46.Kg2 Be8 47.Kf2 Bg6 48.Nb3
Be8 49.Nc5+ Kf5 50.Ke2 Bg6 51.Ke1 Be8 52.Kf1 Kg6 53.Kg2 Kf5 54.Kf2 Kg6 55.
hxg5 fxg5 56.g4 hxg4 57.fxg4 Kf6 58.Kg3 Bg6 59.Kf3 Ke7 60.Nb3 Bc2 61.Nc5 
1/2-1/2

[Event "Elitserien 2022/2023"]
[Site "Helsingborg"]
[Date "2022.10.16"]
[Round "3.21"]
[White "Lindgren, Philip"]
[Black "Cramling, Dan"]
[Result "1/2-1/2"]
[WhiteElo "2382"]
[BlackElo "2294"]
[TimeControl "90 minutes for 40 moves + 30 minutes for the rest of the game + 30 seconds per move from move one."]

1.d4 Nf6 2.Nf3 c5 3.e3 d5 4.Nbd2 cxd4 5.exd4 Nc6 6.Be2 Bg4 7.Nf1 Qb6 8.c3 
Bxf3 9.Bxf3 e5 10.dxe5 Nxe5 11.Ne3 Nxf3+ 12.Qxf3 d4 13.Nf5 Qe6+ 14.Kf1 
dxc3 15.bxc3 O-O-O 16.g3 g6 17.Nd4 Qe4 18.Qxe4 Nxe4 19.Be3 Bc5 20.Rc1 b6 
21.Kg2 Kb7 22.Rhd1 Rc8 23.Kf3 Rhe8 24.c4 Ba3 25.Rc2 Nd6 26.Rd3 Bb4 27.Rb3 
Bc5 28.Nb5 Ne4 29.Rd3 a6 30.Nc3 Nxc3 31.Rcxc3 Bxe3 32.Rxe3 Kc6 33.Red3 
Rcd8 34.Rd5 Rxd5 35.cxd5+ Kxd5 36.Rc7 Re5 37.g4 h5 38.Rxf7 hxg4+ 39.Kxg4 
Ke6 40.Rb7 Rb5 41.f4 Kf6 42.h4 a5 43.a4 Rb4 1/2-1/2

[Event "Elitserien 2022/2023"]
[Site "Helsingborg"]
[Date "2022.10.16"]
[Round "3.22"]
[White "Wedberg, Tom"]
[Black "Ziegler, Ari"]
[Result "1-0"]
[WhiteElo "2395"]
[BlackElo "2311"]
[TimeControl "90 minutes for 40 moves + 30 minutes for the rest of the game + 30 seconds per move from move one."]

1.e4 c5 2.Nf3 d6 3.d4 cxd4 4.Nxd4 Nf6 5.Nc3 Nc6 6.Bc4 Qb6 7.Nb3 e6 8.O-O 
a6 9.a4 Qc7 10.Be2 b6 11.f4 Bb7 12.Bf3 Be7 13.Be3 O-O 14.Qd2 Rab8 15.Qf2 
Ba8 16.g4 Nb4 17.g5 Nd7 18.Nd4 Rfe8 19.Bg2 Bf8 20.Rae1 e5 21.Nf5 exf4 22.
Bxf4 Ne5 23.Kh1 Rbd8 24.Be3 Ng4 25.Qh4 Nxe3 26.Rxe3 g6 27.Nh6+ Bxh6 28.
Qxh6 f5 29.gxf6 Qf7 30.Rf2 Re5 31.Qf4 Rde8 32.Ree2 R8e6 33.Kg1 Bc6 34.Bh3 
Re8 35.Qd2 d5 36.exd5 Nxd5 37.Rxe5 Rxe5 38.Bg2 b5 39.axb5 axb5 40.Ne4 Kh8 
41.Qd4 Rf5 42.Nd6 1-0

[Event "Elitserien 2022/2023"]
[Site "Helsingborg"]
[Date "2022.10.16"]
[Round "3.24"]
[White "Astrom, Goran"]
[Black "Penalver, Osmani"]
[Result "0-1"]
[WhiteElo "2230"]
[BlackElo "2268"]
[TimeControl "90 minutes for 40 moves + 30 minutes for the rest of the game + 30 seconds per move from move one."]

1.e4 c5 2.Nf3 d6 3.d4 cxd4 4.Nxd4 Nf6 5.Nc3 a6 6.f3 e6 7.Be3 Qc7 8.Qd2 Nc6
9.g4 Be7 10.O-O-O Ne5 11.g5 Nfd7 12.f4 Nc4 13.Bxc4 Qxc4 14.Rhe1 b5 15.Kb1 
Qc7 16.h4 Bb7 17.a3 Nb6 18.Qd3 Nc4 19.Bc1 Rc8 20.Nde2 Qc5 21.Qd4 Qxd4 22.
Rxd4 h6 23.Rdd1 hxg5 24.hxg5 g6 25.Rh1 Kd7 26.b3 Na5 27.Bb2 Rxh1 28.Rxh1 
Nc6 29.Rh7 Ke8 30.Rh8+ Kd7 31.Rh7 Nd8 32.Ng3 Rc5 33.Nce2 e5 34.fxe5 dxe5 
35.Bc1 Ke6 36.Be3 Rc7 37.Kb2 Rd7 38.Nc3 Bc6 39.Rh1 Nb7 40.Rd1 Rxd1 41.Nxd1
Nc5 42.Nf2 Kd6 43.Kc3 Ne6 44.Nh3 Bd7 45.b4 Kc6 46.Kd3 Nf8 47.Nf2 Nh7 48.c4
Nxg5 49.c5 f5 50.Bc1 f4 51.Ne2 Nf3 52.Nxf4 exf4 53.Bxf4 g5 54.Bg3 Bf6 55.
Ke3 Ne5 56.Bxe5 Bxe5 57.Nd3 Bc3 0-1

[Event "Elitserien 2022/2023"]
[Site "Helsingborg"]
[Date "2022.10.16"]
[Round "3.25"]
[White "Gdanski, Jacek"]
[Black "Neiksans, Arturs"]
[Result "0-1"]
[WhiteElo "2493"]
[BlackElo "2594"]
[TimeControl "90 minutes for 40 moves + 30 minutes for the rest of the game + 30 seconds per move from move one."]

1.d4 Nf6 2.Nf3 e6 3.g3 b5 4.Bg2 Bb7 5.O-O c5 6.a4 b4 7.c3 h6 8.a5 Na6 9.
cxb4 cxb4 10.Re1 Be7 11.Nbd2 O-O 12.e4 Nc7 13.d5 d6 14.dxe6 Nxe6 15.Nh4 
Rc8 16.Nf5 Ba6 17.Nb3 Re8 18.Be3 Rc7 19.Nxe7+ Qxe7 20.Qd2 Ng4 21.Qxb4 Rc4 
22.Qa3 Rb8 23.Rad1 Rc2 24.h3 Nxe3 25.Rxe3 Qf6 26.Rf3 Qxb2 27.Qxb2 Rxb2 28.
Nd2 Be2 0-1

[Event "Elitserien 2022/2023"]
[Site "Helsingborg"]
[Date "2022.10.16"]
[Round "3.26"]
[White "Bjerre, Jonas Buhl"]
[Black "Danchevski, Orce"]
[Result "1-0"]
[WhiteElo "2598"]
[BlackElo "2332"]
[TimeControl "90 minutes for 40 moves + 30 minutes for the rest of the game + 30 seconds per move from move one."]

1.e4 c5 2.Nf3 d6 3.d4 Nf6 4.Nc3 cxd4 5.Nxd4 Nc6 6.Bg5 e6 7.Bb5 Bd7 8.Qd3 
Ne5 9.Qh3 a6 10.Bxd7+ Nexd7 11.O-O-O Be7 12.f4 O-O 13.e5 Ne8 14.Ne4 h6 15.
Bxh6 d5 16.Nxe6 fxe6 17.Qxe6+ Rf7 18.Qxd5 Nb6 19.Qb3 Qc7 20.Bg5 Nc4 21.
Rhf1 Qc6 22.Rde1 Rc8 23.e6 Qxe6 24.Nf6+ Qxf6 25.Bxf6 gxf6 26.Qxb7 Ned6 27.
Qd5 Kf8 28.Rf3 f5 29.Re6 Ne4 30.Rxe7 1-0

[Event "Elitserien 2022/2023"]
[Site "Helsingborg"]
[Date "2022.10.16"]
[Round "3.27"]
[White "Vernersson, Per"]
[Black "Barkhagen, Jonas"]
[Result "0-1"]
[WhiteElo "2264"]
[BlackElo "2424"]
[TimeControl "90 minutes for 40 moves + 30 minutes for the rest of the game + 30 seconds per move from move one."]

1.d4 Nf6 2.c4 e6 3.g3 d5 4.Nf3 dxc4 5.Qa4+ Nbd7 6.Bg2 a6 7.Qxc4 b5 8.Qc2 
Bb7 9.O-O c5 10.a4 b4 11.Bg5 Rc8 12.dxc5 Bxc5 13.Qd3 Be7 14.Nbd2 O-O 15.
Nb3 Nb6 16.Ne5 Bxg2 17.Kxg2 Qc7 18.Nf3 Qb7 19.Nd2 h6 20.Be3 Rfd8 21.Qb3 
Nbd5 22.Rac1 Nxe3+ 23.Qxe3 Bc5 24.Rxc5 Rxc5 25.Qxc5 Rxd2 26.Qe5 Nd7 27.Qe3
Rxb2 28.Rd1 Nf6 29.Rd8+ Kh7 30.Qd3+ Qe4 31.Qxa6 Rxe2 32.Qa8 Qxa8 33.Rxa8 
Ne4 0-1

[Event "Elitserien 2022/2023"]
[Site "Helsingborg"]
[Date "2022.10.16"]
[Round "3.28"]
[White "Blomqvist, Erik"]
[Black "Krantz, Christopher"]
[Result "1-0"]
[WhiteElo "2523"]
[BlackElo "2242"]
[TimeControl "90 minutes for 40 moves + 30 minutes for the rest of the game + 30 seconds per move from move one."]

1.e4 d5 2.exd5 Qxd5 3.d4 e5 4.Nf3 Nc6 5.Nc3 Bb4 6.Bd2 Bxc3 7.Bxc3 e4 8.Ne5
Nxe5 9.dxe5 Ne7 10.Qd4 Qxd4 11.Bxd4 O-O 12.O-O-O Bf5 13.h3 Rad8 14.g4 Nc6 
15.Bc3 Rxd1+ 16.Kxd1 Bg6 17.h4 h5 18.Be2 hxg4 19.Bxg4 Re8 20.h5 Bh7 21.e6 
fxe6 22.Ke2 Re7 23.Ke3 e5 24.Rd1 Kf7 25.b4 Kf6 26.b5 Nd4 27.Bxd4 exd4+ 28.
Rxd4 Re5 29.Be2 Rc5 30.c4 a6 31.b6 cxb6 32.Rd7 Ra5 33.Rxb7 Ra3+ 34.Kf4 
Rxa2 35.Rxb6+ Ke7 36.Ke3 Ra3+ 37.Kd4 Ra2 38.Bg4 Rxf2 39.h6 Rd2+ 40.Ke3 
Rd3+ 41.Kf4 e3 42.Rb7+ Kf6 43.Be2 Rd4+ 44.Kg3 Rd8 45.c5 Rg8 46.Kf4 g5+ 47.
Kxe3 Bf5 48.Rb6+ Ke5 49.Bxa6 Kd5 50.Rf6 Re8+ 51.Kf2 Ke5 52.Rd6 Rh8 53.Bc4 
Rc8 54.Rd5+ Kf4 55.Bb5 Be4 56.Rd4 Ke5 57.Ke3 Bd5 58.h7 Rf8 59.Be2 Rh8 60.
Bd3 Rf8 61.Rb4 Rf3+ 62.Ke2 Rf8 63.Rb6 Be4 64.Bxe4 Kxe4 65.Rh6 1-0

[Event "Elitserien 2022/2023"]
[Site "Helsingborg"]
[Date "2022.10.16"]
[Round "3.29"]
[White "Lukez, Franko"]
[Black "Trost, Edvin"]
[Result "0-1"]
[WhiteElo "2264"]
[BlackElo "2340"]
[TimeControl "90 minutes for 40 moves + 30 minutes for the rest of the game + 30 seconds per move from move one."]

1.Nf3 d5 2.g3 Bg4 3.Bg2 Nd7 4.O-O c6 5.d3 e6 6.c4 Ngf6 7.Qb3 Qb6 8.Be3 Bc5
9.Bxc5 Nxc5 10.Qa3 O-O 11.Nbd2 a5 12.Rfc1 Ncd7 13.Qc3 Rfe8 14.h3 Bh5 15.b3
Rad8 16.Rab1 Qa7 17.b4 e5 18.g4 Bg6 19.Nh4 e4 20.dxe4 axb4 21.Qxb4 dxe4 
22.Nxg6 hxg6 23.Qxb7 Qxa2 24.Qb2 Qa5 25.Nf1 Rb8 26.Qd4 Nc5 27.Qe3 Rxb1 28.
Rxb1 Nfd7 29.Rd1 Qc7 30.Qd4 f5 31.Qd6 Qxd6 32.Rxd6 Ne5 33.Ng3 Nb7 34.Rd1 
Rf8 35.Rb1 Nc5 36.Rb6 Rf6 37.Rb8+ Kf7 38.Rb4 Ke6 39.gxf5+ gxf5 40.Nh5 Rf7 
41.Nf4+ Kf6 42.Nh5+ Kg5 43.Ng3 g6 44.e3 Rd7 45.Bf1 Rd2 46.Rb8 Ncd3 47.Be2 
Nxc4 48.Rh8 Kf6 49.h4 Nd6 50.h5 gxh5 51.Nxh5+ Ke5 52.Kf1 c5 53.Rh6 Nf7 54.
Rh7 c4 55.Rxf7 c3 56.Nf4 c2 0-1

[Event "Elitserien 2022/2023"]
[Site "Helsingborg"]
[Date "2022.10.16"]
[Round "3.30"]
[White "Sorensen, Hampus"]
[Black "Rothen, Hakan"]
[Result "1-0"]
[WhiteElo "2396"]
[BlackElo "2232"]
[TimeControl "90 minutes for 40 moves + 30 minutes for the rest of the game + 30 seconds per move from move one."]

1.d4 Nf6 2.c4 c5 3.d5 e5 4.Nc3 d6 5.e4 Be7 6.Nf3 Nbd7 7.g3 O-O 8.Bg2 b5 9.
cxb5 a6 10.Bf1 Ne8 11.bxa6 Bxa6 12.Bxa6 Rxa6 13.O-O Nc7 14.Nd2 Qa8 15.Nc4 
Rb8 16.b3 Nb5 17.Nxb5 Rxb5 18.a4 Rb7 19.Bd2 Nb6 20.Na3 Nc8 21.Rb1 Bd8 22.
Nc4 Bc7 23.f4 Nb6 24.Ne3 exf4 25.Nf5 Qf8 26.gxf4 g6 27.Ne3 Nd7 28.Nc4 Ra8 
29.Bc3 Nb6 30.Ne3 Re8 31.Qf3 Nd7 32.Nc4 f5 33.Rfe1 fxe4 34.Rxe4 Rxe4 35.
Qxe4 Qf7 36.Ne3 Bd8 37.Ng4 Qe7 38.Qf3 h5 39.Ne3 Nf6 40.Nc4 Qe4 41.Qxe4 
Nxe4 42.Ba1 Bh4 43.Kg2 g5 44.fxg5 Nxg5 45.Nxd6 Re7 46.Rb2 Be1 47.Ra2 Re3 
48.Nc4 Rxb3 49.a5 Nh3 50.Be5 1-0

[Event "Elitserien 2022/2023"]
[Site "Helsingborg"]
[Date "2022.10.16"]
[Round "3.31"]
[White "Malesevic, Nedeljko"]
[Black "Hedman, Erik"]
[Result "1-0"]
[WhiteElo "2213"]
[BlackElo "2322"]
[TimeControl "90 minutes for 40 moves + 30 minutes for the rest of the game + 30 seconds per move from move one."]

1.d4 Nf6 2.c4 g6 3.Nc3 Bg7 4.e4 d6 5.Bd3 O-O 6.Nge2 Nc6 7.O-O Nd7 8.d5 
Nce5 9.f4 Nxd3 10.Qxd3 e6 11.dxe6 fxe6 12.Be3 b6 13.Rad1 Kh8 14.Qd2 Qe7 
15.Bd4 e5 16.Nd5 Qd8 17.Be3 exf4 18.Rxf4 Bb7 19.Rxf8+ Nxf8 20.Bg5 Qd7 21.
Bf6 Re8 22.Nec3 Re6 23.Rf1 c6 24.Qf4 Kg8 25.Bxg7 Qxg7 26.Nf6+ Kh8 27.h4 
Re5 28.Ng4 Re8 29.Qxd6 Nd7 30.Nf6 Nxf6 31.Rxf6 c5 32.Nd5 Bxd5 33.cxd5 c4 
34.Qf4 b5 35.e5 Kg8 36.d6 Qd7 37.h5 gxh5 38.Rf5 Qe6 39.d7 Qxd7 40.Rg5+ 1-0

[Event "Elitserien 2022/2023"]
[Site "Helsingborg"]
[Date "2022.10.16"]
[Round "3.32"]
[White "Kenneskog, Theodor"]
[Black "Thornert, Hakan"]
[Result "0-1"]
[WhiteElo "2322"]
[BlackElo "2182"]
[TimeControl "90 minutes for 40 moves + 30 minutes for the rest of the game + 30 seconds per move from move one."]

1.e4 c5 2.Nf3 d6 3.d4 cxd4 4.Nxd4 Nf6 5.Nc3 g6 6.Be3 Bg7 7.f3 Nc6 8.Qd2 
O-O 9.O-O-O d5 10.exd5 Nxd5 11.Nxc6 bxc6 12.Bd4 Bxd4 13.Qxd4 Qb6 14.Qe5 
Be6 15.Na4 Qa5 16.b3 Qb4 17.c4 Nf6 18.Qc5 Qb7 19.Be2 Rfd8 20.Qa5 Rd6 21.
Rd2 Rxd2 22.Qxd2 Qc7 23.Qe3 Rd8 24.g3 Qa5 25.Rd1 Rxd1+ 26.Bxd1 Nd7 27.Bc2 
Qh5 28.h4 Qa5 29.Kb2 Qc7 30.f4 Nb6 31.Nxb6 axb6 32.Qe5 Qxe5+ 33.fxe5 c5 
34.Be4 f6 35.exf6 exf6 36.Kc3 Kf7 37.b4 Ke7 38.bxc5 bxc5 39.a4 Kd6 40.a5 
Bc8 41.Kd3 f5 42.Bd5 h6 43.Ke3 g5 44.hxg5 hxg5 45.Bf3 Kc7 46.Kd3 Bb7 47.
Bd5 Kb8 48.Kc3 Ka7 49.Kb3 Ka6 50.Be6 f4 51.gxf4 gxf4 52.Bh3 Kxa5 53.Bf1 
Be4 54.Ka3 Kb6 55.Kb3 Bc6 56.Kc3 Kc7 57.Kd3 Kd6 58.Bh3 Ke5 59.Bg4 Be4+ 60.
Kc3 f3 61.Kd2 Kd4 62.Be6 Bd3 63.Ke1 Bxc4 64.Bh3 Ke3 0-1